 Dungeon Crawl Stone Soup version 0.30.0-15-g856e2d3f33 (webtiles) character file.

Game seed: 17686580551500518279

140 SnakkuSnakku7 the Chopper (level 5, -4/47 HPs)
             Began as a Hill Orc Chaos Knight on May 19, 2023.
             Was a Plaything of Xom.
             Slain by an ogre
             ... wielding a +0 giant club
              (18 damage)
             ... on level 3 of the Dungeon.
             The game lasted 00:02:56 (1777 turns).

SnakkuSnakku7 the Chopper (Hill Orc Chaos Knight)   Turns: 1777, Time: 00:02:56

Health: -4/47      AC: 13    Str: 17    XL:     5   Next: 22%
Magic:  5/5        EV:  5    Int: 12    God:    Xom [..*...]
Gold:   259        SH:  0    Dex: 10    Spells: 4/4 levels left

rFire   . . .        a - +0 hand axe (chaos)
rCold   . . .        (no shield)
rNeg    . . .        q - +0 plate armour
rPois   .            s - +0 helmet
rElec   .            (no cloak)
rCorr   .            (no gloves)
SInv    .            o - +0 pair of boots
Will    .....        (no amulet) Stlth
                     (no ring)
HPRegen 0.27/turn    (no ring)
MPRegen 0.09/turn

%: no passive effects
@: no status effects
A: no striking features
a: Renounce Religion


You were on level 3 of the Dungeon.
You worshipped Xom.
You were a toy of Xom.
You visited 1 branch of the dungeon, and saw 3 of its levels.

You collected 259 gold pieces.

Inventory:

Hand Weapons
 a - a +0 hand axe of chaos (weapon)
Missiles
 j - a poisoned dart (quivered)
Armour
 b - a +2 leather armour
 i - a +2 tower shield
 o - a +0 pair of boots (worn)
 q - a +0 plate armour (worn)
 s - a +0 helmet (worn)
Scrolls
 l - a scroll of immolation {unknown}
 m - a scroll of fog {unknown}
 n - a scroll of magic mapping {unknown}
Potions
 d - 4 potions of heal wounds {unknown}
 e - 2 potions of curing {unknown}
 f - 2 potions of haste {unknown}
 h - a potion of brilliance {unknown}
 k - a potion of flight
 p - a potion of might
 r - a potion of resistance
Miscellaneous
 c - a piece from Xom's chessboard (15/15)


   Skills:
 - Level 4.3 Fighting
 + Level 6.0 Axes
 - Level 2.1 Armour
 - Level 0.7 Dodging
 + Level 2.8 Shields


You had 4 spell levels left.
You didn't know any spells.
Your spell library contained the following spells:

 Spells                   Type           Power      Damage    Failure   Level
 Sandblast                Erth           0%         2d4       100%        1
 Summon Small Mammal      Summ           0%         N/A       100%        1
 Passwall                 Tmut/Erth      0%         N/A       100%        2
 Call Canine Familiar     Summ           0%         N/A       100%        3
 Stone Arrow              Conj/Erth      0%         3d7       100%        3
 Summon Guardian Golem    Hex/Summ       0%         N/A       100%        3


Dungeon Overview and Level Annotations

Branches:
Dungeon (3/15)

Altars:
Elyvilon
Fedhas
Trog
Zin


Message History

You climb downwards.
There is a stone staircase leading up here.
Things that are here:
a +0 club; a +0 sling The ogre shouts!
Unknown command.
You see here 2 poisoned darts.
j - 2 poisoned darts You see here a poisoned dart.
j - 3 poisoned darts (gained 1) Throw: 3 darts (poison)
Press: ? - help, Q - select action, (/) - cycle Shift-Dir - straight line, f - ogre
Aim: an ogre, wielding a +0 giant club (73% to hit)
You throw a poisoned dart.
The poisoned dart barely misses the ogre.
Unknown command.
Throw: 2 darts (poison)
Press: ? - help, Q - select action, (/) - cycle Shift-Dir - straight line, f/p - ogre
Aim: an ogre, wielding a +0 giant club (73% to hit)
You throw a poisoned dart. The poisoned dart hits the ogre.
The ogre is poisoned.
Unknown command.
You hit the ogre.
The ogre seems to speed up.
The ogre is lightly wounded.
The ogre hits you with a +0 giant club.
You closely miss the ogre.
The ogre is moderately wounded.
The ogre hits you with a +0 giant club.
You hit the ogre.
You feel better.
The ogre is moderately wounded.
Xom smirks.
You detect nothing.
The ogre hits you with a +0 giant club!!
Ouch! That really hurt!
* * * LOW HITPOINT WARNING * * *
You hit the ogre.
The ogre looks even sicker.
The ogre is heavily wounded.
The ogre hits you with a +0 giant club!!
You die...
Xom titters!

#.# #.# ##.# ###########
...# #.........# ####
#.#######.# ###
####.#### #.### ..#
#.......# #...### #.#
#.#####.# #.#...#
#.###.# #.## #@#...##
#.##.)#####..# #O.....#
#.##.........# #......#
#..#.#######.###.....♣♣
##.#.#.....#...#......♣
.....#.....#.#.#....._♣
##.#.'.._..#.#.#......♣
##.#.#.....#..(.(....♣.#
##...#.....#.#.##....♣##


You could see an ogre (fast, very poisoned).

Vanquished Creatures
  Robin (D:3)
  A gnoll (D:1)
  5 adders
  3 worms
  An orc (D:3)
  8 endoplasms
  2 giant cockroaches (D:3)
  11 goblins
  6 hobgoblins
  4 quokkas
  5 ball pythons
  4 bats (D:1)
  4 frilled lizards
  4 kobolds
  7 rats
66 creatures vanquished.

Notes
Turn   | Place    | Note
-------+----------+-------------------------------------------
     0 | D:1      | SnakkuSnakku7 the Hill Orc Chaos Knight began the quest for
                  | the Orb.
     0 | D:1      | Reached XP level 1. HP: 19/19 MP: 1/1
   138 | D:1      | Reached XP level 2. HP: 27/27 MP: 2/2
   152 | D:1      | XOM: silly message
   191 | D:1      | XOM: smoke on damage
   242 | D:1      | Reached XP level 3. HP: 33/34 MP: 3/3
   469 | D:2      | Found a faded altar of an unknown god.
   489 | D:2      | XOM: divination: detect items
   491 | D:2      | Reached skill level 5 in Axes
   491 | D:2      | Reached skill level 1 in Shields
   540 | D:2      | Reached XP level 4. HP: 25/41 MP: 4/4
   608 | D:2      | XOM: divination: detect items
   687 | D:2      | XOM: god gift: scroll labelled BATAME TARCHIZO {god gift}
   949 | D:2      | XOM: silly message
  1054 | D:3      | Found a blossoming altar of Fedhas.
  1299 | D:3      | Noticed Robin
  1305 | D:3      | XOM: silly message
  1311 | D:3      | Killed Robin
  1312 | D:3      | Reached XP level 5. HP: 47/47 MP: 5/5
  1359 | D:3      | Found a white marble altar of Elyvilon.
  1394 | D:3      | Reached skill level 6 in Axes
  1420 | D:3      | Found a bloodstained altar of Trog.
  1614 | D:3      | Found a glowing silver altar of Zin.
  1620 | D:3      | Noticed an ogre
  1622 | D:3      | XOM: noise
  1632 | D:3      | XOM: enchant monster (good)
  1776 | D:3      | XOM: divination: detect creatures
  1777 | D:3      | Slain by an ogre

Illustrated notes

Levels and vault maps discovered:
D:1:      dpeg_arrival_tiny_a, layout_rooms, supply_closet_lemuel
D:2:      layout_rooms, basic_ecumenical_altar, serial_bayou_pond_e
D:3:      layout_loops_ring, zin_academy, nicolae_overflow_crystal_walls,
          amcnicky_altar_gilded, trog_hazing_becter, uniq_robin

Skill      XL: |  1  2  3  4  5 |
---------------+----------------+-----
Fighting       | 4 |  4.3
Axes           | 5 6 |  6.0
Shields        | 1 2 |  2.8
Armour         | |  2.1
Dodging        | |  0.7

Action                     |  1- 3 |  4- 6 || total
---------------------------+-------+-------++-------
  Melee: Hand axe          |    79 |    96 ||   175
  Throw: Dart              |       |     5 ||     5
    Use: Scroll            |       |     4 ||     4
   Stab: Paralysed         |     2 |       ||     2
 Armour: Leather armour    |    27 |    17 ||    44
         Plate armour      |       |    40 ||    40
  Dodge: Dodged            |    51 |    43 ||    94
